 Dungeon Crawl Stone Soup version 0.31-a0-826-ga5cc291a1b (webtiles) character file.

Game seed: 3204405390496985831

3595 qw the Skirmisher (level 10, -2/63 HPs)
             Began as a Gargoyle Hunter on Sept 23, 2023.
             Was a Believer of Okawaru.
             Slain by an eight-headed hydra (9 damage)
             ... on level 7 of the Dungeon.
             The game lasted 00:02:37 (5611 turns).

qw the Skirmisher (Gargoyle Hunter)                 Turns: 5611, Time: 00:02:37

Health: -2/63      AC: 19    Str: 14    XL:     10   Next: 10%
Magic:  11/13      EV: 15    Int: 11    God:    Okawaru [**....]
Gold:   285        SH:  0    Dex: 17    Spells: 9/9 levels left

rFire   . . .        Y - +0 orcbow (drain)
rCold   . . .        (shield currently unavailable)
rNeg    + . .        f - +0 ring mail
rPois   inf          h - +1 helmet
rElec   +            (no cloak)
rCorr   .            i - +0 pair of gloves
SInv    +            k - +0 pair of boots
Will    .....        b - amulet of regeneration
Stlth   +++          g - ring of see invisible
HPRegen 1.10/turn    (no ring)
MPRegen 0.13/turn

%: no passive effects
@: about to teleport, heroic
A: sickness immunity, AC +7, negative energy resistance 1, electricity
resistance, torment resistance 1, petrification resistance
a: Renounce Religion, Heroism


You were on level 7 of the Dungeon.
You worshipped Okawaru.
Okawaru was pleased with you.
You visited 1 branch of the dungeon, and saw 7 of its levels.

You collected 285 gold pieces.


Innate Abilities, Weirdness & Mutations

You are immune to sickness and miasma.
Your stone body is resilient. (AC +7)
You are immune to poison.
You resist negative energy. (rN+)
You are resistant to electric shocks. (rElec)
You are resistant to unholy torment.
You are immune to petrification.


   Skills:
 + Level 7.1(12.1) Fighting
 - Level 11.1(16.1) Ranged Weapons
 - Level 4.4(9.4) Armour
 - Level 4.0(9.0) Dodging
 - Level 1.1(6.1) Stealth
 - Level 4.1 Invocations


You had 9 spell levels left.
You didn't know any spells.
Your spell library was empty.

Inventory:

Hand Weapons
 Y - a +0 orcbow of draining (weapon)
Armour
 f - a +0 ring mail (worn)
 h - a +1 helmet (worn)
 i - a +0 pair of gloves (worn)
 k - a +0 pair of boots (worn)
Jewellery
 b - an amulet of regeneration (around neck)
 g - a ring of see invisible (left hand)
Scrolls
 a - a scroll of identify
 p - a scroll of amnesia {unknown}
 q - a scroll of immolation {unknown}
Potions
 c - 2 potions of resistance
 d - 4 potions of heal wounds
 e - a potion of lignification {unknown}
 j - a potion of magic {unknown}
 l - a potion of haste {unknown}
 m - a potion of curing {unknown}
 o - a potion of ambrosia {unknown}

Dungeon Overview and Level Annotations

Branches:
Dungeon (7/15)             Temple (0/1) D:5

Altars:
Ashenzari
Dithmenos
Fedhas
Makhleb
Nemelex Xobeh
Okawaru
Uskayaw
Wu Jian
Yredelemnul
Zin

Shops:
D:2 (


Message History

5607 |||
Found retreat position at 0,1 (floor) with 0 blocking monsters and 1 monsters attacking at destination at distance 1
5607 ||| Stepping ~*~*~tactically~*~*~ (retreating).
The eight-headed hydra attacks as it pursues you!
The eight-headed hydra bites you! x2; The eight-headed hydra bites you.
The eight-headed hydra barely misses you.
The eight-headed hydra bites you. x2
The eight-headed hydra closely misses you. x2
5608 ||| INVOKING Heroism.
You gain the combat prowess of a mighty hero.
The eight-headed hydra bites you but does no damage.
The eight-headed hydra closely misses you.
The eight-headed hydra barely misses you.
The eight-headed hydra bites you.
The eight-headed hydra closely misses you. x2
The eight-headed hydra bites you but does no damage. x2
You shoot an arrow. The arrow hits the eight-headed hydra.
You drain the eight-headed hydra.
The eight-headed hydra is lightly wounded.
The eight-headed hydra bites you.
The eight-headed hydra bites you but does no damage. x2
The eight-headed hydra barely misses you.
The eight-headed hydra bites you but does no damage.
The eight-headed hydra bites you.
The eight-headed hydra bites you but does no damage. x2
You shoot an arrow.
The arrow barely misses the eight-headed hydra.
The arrow barely misses the white ugly thing.
The eight-headed hydra closely misses you.
The eight-headed hydra barely misses you.
The eight-headed hydra bites you but does no damage.
The eight-headed hydra barely misses you.
The eight-headed hydra misses you. The eight-headed hydra bites you. x2
The eight-headed hydra barely misses you.
5611 ||| READING scroll of teleportation.
As you read the scroll of teleportation, it crumbles to dust.
You feel strangely unstable. The eight-headed hydra bites you!
The eight-headed hydra bites you but does no damage.
The eight-headed hydra bites you!
You die...

7777777.7777777 77.77#..#
7.............7#7).%7#..#
7.77777777777.7#.#'#.#..#
7...%.....7.7#.#F#.#.##
7.7777777.7.7#.#c#.#.#
7.7#####7.7.7#.#.#.#.#
7.7#...u7.7.7#.#.#.#.#
7.7#''#D7.7....#.#...#
7.7#..#@7.777#.#D#.#.#
7.7#"|#.7%7 #.# #.#.#
7.7####%7.7 #.# #.#.#
7.......7.7 #.# #.#.###
7.777777777.7 #.# #.#....
7...........7 #7. .7#.#.#
7777777.77777 7 7 .#
###.### 77.....77


You could see an eight-headed hydra (drained) and a white ugly thing.

Vanquished Creatures
  Pikel (D:7)
  Joseph (D:7)
  Eustachio (D:4)
  Menkaure (D:6)
  A water moccasin (D:5)
  2 orc warriors
  An ice beast (D:5)
  An ogre (D:7)
  2 sky beasts
  A black bear (D:4)
  3 centaurs
  2 phantoms (D:6)
  3 lemures (D:7)
  A kobold brigand (D:6)
  Blork the orc (D:5)
  2 bullfrogs (D:7)
  A gnoll sergeant (D:5)
  5 scorpions
  A killer bee (D:7)
  A howler monkey (D:4)
  3 hounds
  2 jellies (D:7)
  2 orc priests
  A gnoll bouda (D:6)
  4 iguanas
  A sleepcap (D:5)
  2 orc wizards
  16 gnolls
  4 adders
  A shadow imp (D:7)
  5 white imps
  2 ufetubi
  3 worms
  A dart slug (D:2)
  10 orcs
  4 bats
  7 endoplasms
  2 giant cockroaches
  6 hobgoblins
  A jackal (D:5)
  6 quokkas
  11 ball pythons
  3 frilled lizards (D:2)
  5 goblins
  6 kobolds
  4 rats
144 creatures vanquished.

Notes
Turn   | Place    | Note
-------+----------+-------------------------------------------
     0 | D:1      | qw the Gargoyle Hunter began the quest for the Orb.
     0 | D:1      | Reached XP level 1. HP: 12/12 MP: 1/1
     0 | D:1      | 0 ||| qw: Version: 0.3-a-83-gcd0e7d8
     0 | D:1      | 0 ||| qw: Game counter: 1838
     0 | D:1      | 0 ||| qw: Melee chars always use a shield: true
     0 | D:1      | 0 ||| qw: God list: Okawaru
     0 | D:1      | 0 ||| qw: Allow faded altars: false
     0 | D:1      | 0 ||| qw: Do Orc after clearing Dungeon:15 true
     0 | D:1      | 0 ||| qw: Do second Lair branch before Depths: true
     0 | D:1      | 0 ||| qw: Lair rune preference: random
     0 | D:1      | 0 ||| qw: Goals: Normal
     0 | D:1      | 0 ||| PLANNING D:1-11
    93 | D:1      | Reached XP level 2. HP: 17/17 MP: 2/2
   588 | D:1      | 588 ||| UPGRADING to +0 ring mail.
   598 | D:1      | 598 ||| DROPPING +0 leather armour.
   599 | D:1      | 599 ||| UPGRADING to +0 helmet.
   604 | D:1      | 604 ||| UPGRADING to ring of see invisible.
   605 | D:1      | 605 ||| READING 2 scrolls labelled KAEDAT LORPH.
   606 | D:1      | 606 ||| READING scroll labelled ARAREEC GEOGASA.
   707 | D:1      | 707 ||| READING scroll labelled FIETUMMOSA.
   708 | D:1      | 708 ||| READING scroll labelled OZEDUMOL SORGH.
   709 | D:1      | 709 ||| DROPPING scroll of revelation.
   710 | D:1      | 710 ||| DROPPING scroll of butterflies.
   740 | D:2      | Reached XP level 3. HP: 21/21 MP: 3/3
   822 | D:2      | Reached skill level 1 in Armour
   924 | D:2      | Reached skill level 5 in Ranged Weapons
   984 | D:2      | Found Roced's Weapon Shoppe.
   994 | D:2      | 994 ||| SHOPLISTING +1 longbow of freezing (187 gold, have
                  | 43).
  1037 | D:2      | Found a faded altar of an unknown god.
  1049 | D:2      | 1049 ||| READING scroll labelled ABEIHU ROTHRIJ.
  1131 | D:2      | Reached skill level 3 in Fighting
  1131 | D:2      | Reached XP level 4. HP: 28/28 MP: 4/4
  1325 | D:2      | 1325 ||| READING scroll labelled HAITIOZXUP.
  1326 | D:2      | 1326 ||| DRINKING 2 golden potions.
  1357 | D:3      | 1357 ||| FLEEEEING.
  1358 | D:3      | 1358 ||| FLEEEEING.
  1359 | D:3      | 1359 ||| FLEEEEING.
  1360 | D:3      | 1360 ||| FLEEEEING.
  1361 | D:3      | 1361 ||| FLEEEEING.
  1362 | D:3      | 1362 ||| FLEEEEING.
  1363 | D:3      | 1363 ||| FLEEEEING.
  1364 | D:3      | 1364 ||| STAIRDANCE
  1421 | D:3      | 1421 ||| STAIRDANCE
  1441 | D:3      | 1441 ||| READING scroll labelled EHEAXA ACAOCW.
  1468 | D:3      | 1468 ||| SWAPPING to +0 orcbow.
  1469 | D:3      | 1469 ||| DROPPING +1 shortbow of draining.
  1599 | D:3      | Reached XP level 5. HP: 20/32 MP: 5/5
  1601 | D:3      | 1601 ||| FLEEEEING.
  1611 | D:3      | 1611 ||| FLEEEEING.
  1612 | D:3      | 1612 ||| FLEEEEING.
  1613 | D:3      | 1613 ||| STAIRDANCE
  1867 | D:3      | 1867 ||| READING scroll of brand weapon.
  1867 | D:3      | 1867 ||| BRANDING +0 orcbow.
  2283 | D:3      | 2283 ||| UPGRADING to +0 pair of boots.
  2288 | D:3      | 2288 ||| READING scroll labelled SOASUOPSI XERE.
  2486 | D:4      | Noticed Eustachio
  2504 | D:4      | 2504 ||| Stepping ~*~*~tactically~*~*~ (retreating).
  2523 | D:4      | HP: 8/32 [river rat[Eustachio] (7)]
  2524 | D:4      | 2524 ||| DRINKING 3 potions of heal wounds.
  2527 | D:4      | Killed Eustachio
  2528 | D:4      | Reached skill level 7 in Ranged Weapons
  2528 | D:4      | Reached XP level 6. HP: 28/37 MP: 6/6
  2946 | D:4      | Found a blossoming altar of Fedhas.
  3117 | D:4      | Found a basalt altar of Yredelemnul.
  3397 | D:4      | 3397 ||| UPGRADING to amulet of regeneration.
  3402 | D:4      | 3402 ||| READING scroll labelled ERGHUJ RERRU.
  3403 | D:4      | 3403 ||| READING 2 scrolls of identify.
  3403 | D:4      | 3403 ||| IDENTIFYING white potion
  3454 | D:5      | Entered Level 5 of the Dungeon
  3454 | D:5      | Noticed an ice beast
  3457 | D:5      | Killed an ice beast
  3458 | D:5      | Reached XP level 7. HP: 30/43 MP: 7/7
  3458 | D:5      | 3458 ||| STAIRDANCE
  3473 | D:5      | Noticed Blork the orc
  3477 | D:5      | 3477 ||| Stepping ~*~*~tactically~*~*~ (retreating).
  3492 | D:5      | Killed Blork the orc
  3493 | D:5      | Reached skill level 8 in Ranged Weapons
  3519 | D:5      | 3519 ||| FLEEEEING.
  3521 | D:5      | 3521 ||| STAIRDANCE
  3529 | D:5      | 3529 ||| STAIRDANCE
  3551 | D:5      | Reached XP level 8. HP: 48/49 MP: 8/8
  3802 | D:5      | Found a sparkling altar of Nemelex Xobeh.
  3803 | D:5      | Found a burning altar of Makhleb.
  3809 | D:5      | Found an iron altar of Okawaru.
  3810 | D:5      | 3810 ||| PLANNING OKAWARU WORSHIP
  3810 | D:5      | 3810 ||| READING 2 scrolls of identify.
  3810 | D:5      | 3810 ||| IDENTIFYING black potion
  3811 | D:5      | 3811 ||| DROPPING potion of brilliance.
  3812 | D:5      | Found a hide-covered altar of Uskayaw.
  3812 | D:5      | Found a glowing silver altar of Zin.
  3814 | D:5      | Became a worshipper of Warmaster Okawaru
  3815 | D:5      | 3815 ||| PLANNING D:1-11
  3816 | D:5      | Found an ornate altar of the Wu Jian Council.
  3817 | D:5      | Found a broken altar of Ashenzari.
  3820 | D:5      | Found a shadowy altar of Dithmenos.
  3855 | D:5      | Found a staircase to the Ecumenical Temple.
  3996 | D:5      | 3996 ||| READING 2 scrolls of identify.
  3996 | D:5      | 3996 ||| IDENTIFYING fuming blue potion
  3997 | D:5      | 3997 ||| DROPPING potion of attraction.
  4046 | D:6      | 4046 ||| STAIRDANCE
  4051 | D:6      | Noticed Menkaure
  4052 | D:6      | 4052 ||| STAIRDANCE
  4059 | D:5      | Reached skill level 9 in Ranged Weapons
  4065 | D:6      | 4065 ||| STAIRDANCE
  4099 | D:6      | Killed Menkaure
  4116 | D:6      | Reached skill level 6 in Fighting
  4201 | D:6      | 4201 ||| READING scroll of enchant armour.
  4201 | D:6      | 4201 ||| ENCHANTING +0 helmet.
  4257 | D:6      | Reached * piety under Okawaru
  4360 | D:6      | Reached skill level 10 in Ranged Weapons
  4360 | D:6      | Reached skill level 1 in Invocations
  4360 | D:6      | Reached XP level 9. HP: 52/55 MP: 8/10
  4435 | D:6      | Reached skill level 3 in Armour
  4442 | D:6      | 4442 ||| INVOKING Heroism.
  4616 | D:6      | 4616 ||| RETREEAATING.
  4654 | D:6      | Reached skill level 3 in Invocations
  5004 | D:6      | 5004 ||| UPGRADING to +0 pair of gloves.
  5031 | D:7      | 5031 ||| INVOKING Heroism.
  5148 | D:7      | 5148 ||| INVOKING Heroism.
  5251 | D:7      | 5251 ||| INVOKING Heroism.
  5252 | D:7      | 5252 ||| Stepping ~*~*~tactically~*~*~ (retreating).
  5308 | D:7      | Reached ** piety under Okawaru
  5413 | D:7      | Noticed Joseph
  5414 | D:7      | 5414 ||| FLEEEEING.
  5420 | D:7      | 5420 ||| FLEEEEING.
  5421 | D:7      | 5421 ||| FLEEEEING.
  5422 | D:7      | 5422 ||| FLEEEEING.
  5423 | D:7      | 5423 ||| FLEEEEING.
  5424 | D:7      | 5424 ||| FLEEEEING.
  5425 | D:7      | 5425 ||| FLEEEEING.
  5441 | D:7      | Killed Joseph
  5442 | D:7      | Reached skill level 11 in Ranged Weapons
  5461 | D:7      | 5461 ||| INVOKING Heroism.
  5489 | D:7      | Noticed Pikel
  5490 | D:7      | 5490 ||| INVOKING Heroism.
  5501 | D:7      | Killed Pikel
  5502 | D:7      | Reached XP level 10. HP: 63/63 MP: 11/13
  5605 | D:7      | Noticed a white ugly thing
  5605 | D:7      | Noticed an eight-headed hydra
  5606 | D:7      | 5606 ||| Stepping ~*~*~tactically~*~*~ (retreating).
  5607 | D:7      | 5607 ||| Stepping ~*~*~tactically~*~*~ (retreating).
  5608 | D:7      | 5608 ||| INVOKING Heroism.
  5610 | D:7      | HP: 15/63 [eight-headed hydra (5)]
  5611 | D:7      | 5611 ||| READING scroll of teleportation.
  5611 | D:7      | HP: 7/63 [eight-headed hydra (7)]
  5611 | D:7      | Slain by an eight-headed hydra

Levels and vault maps discovered:
D:1:      tekkud_arrival_beachfront_property, layout_rooms
D:2:      layout_loops_ring, serial_shops, shop,
          shapermc_ecumenical_altar_mp_ritualfount, minmay_tiny_reverse_x
D:3:      minmay_skewed_foursquare, layout_basic
D:4:      layout_layer_cave, lemuel_doored_altar,
          mainiacjoe_overflow_six_doors_small, chequers_serial_rivers_micro_d,
          uniq_eustachio
D:5:      layout_basic, minitemple, minmay_temple_entry_junction,
          serial_bayou_pond_a, st_stairs_2, uniq_blork_the_orc
D:6:      layout_basic, serial_glass, glass_columns_a, glass_columns_c,
          uniq_menkaure
D:7:      nzn_winding_woodlands_cross [nzn_winding_woodlands_5x15_longhouse,
          nzn_winding_woodlands_5x15_jagged, nzn_winding_woodlands_5x15_garden,
          nzn_winding_woodlands_5x15_split_checker,
          nzn_winding_woodlands_15x15_boxy_spiral], layout_loops_ring,
          uniq_pikel, uniq_joseph

Skill      XL: |  1  2  3  4  5  6  7  8  9 10 |
---------------+-------------------------------+-----
Armour         | 1 2 3 4 |  4.4
Ranged Weapons | 5 7 8 10 11 | 11.1
Fighting       | 3 4 5 6 7 |  7.1
Dodging        | 2 4 |  4.0
Invocations    | 1 4 |  4.1
Stealth        | |  1.1

Action                     |  1- 3 |  4- 6 |  7- 9 | 10-12 || total
---------------------------+-------+-------+-------+-------++-------
   Fire: Shortbow          |   113 |    17 |       |       ||   130
         Orcbow            |       |   135 |   308 |    29 ||   472
 Invoke: Heroism           |       |       |     6 |     1 ||     7
    Use: Scroll            |     5 |     6 |     3 |     1 ||    15
         Potion            |       |     2 |       |       ||     2
 Armour: Leather armour    |    17 |       |       |       ||    17
         Ring mail         |     8 |    85 |   184 |    27 ||   304
  Dodge: Dodged            |    26 |    63 |   121 |    16 ||   226

Table legend:
 A = Non-vault XP
 B = Vault XP
 C = Vault XP percentage of total XP
 D = Non-vault monster count
 E = Vault monster count
 F = Vault count percentage of total count
                 A         B        C        D         E       F
            +---------+---------+-------+---------+---------+-------
      Total |    2678 |    2459 |  47.9 |     119 |      22 |  15.6
            +---------+---------+-------+---------+---------+-------
        D:1 |      32 |       0 |   0.0 |      19 |       0 |   0.0
        D:2 |      68 |       2 |   2.9 |      21 |       2 |   8.7
        D:3 |      85 |       3 |   3.4 |      11 |       2 |  15.4
        D:4 |     295 |     211 |  41.7 |      17 |       1 |   5.6
        D:5 |     795 |     175 |  18.0 |      18 |       4 |  18.2
        D:6 |    1055 |     169 |  13.8 |      27 |       1 |   3.6
        D:7 |     348 |    1899 |  84.5 |       6 |      12 |  66.7
            +---------+---------+-------+---------+---------+-------
